 Dungeon Crawl Stone Soup version 0.29.1-2-gbd0b4ee654 (webtiles) character file.

Game seed: 11949085430257224273

994 mcbry74 the Spear-Bearer (level 8, -2/59 (61) HPs)
             Began as a Merfolk Gladiator on Nov 17, 2022.
             Was a Believer of Okawaru.
             Slain by a wight
             ... wielding a +0 mace
              (7 damage)
             ... on level 6 of the Dungeon.
             The game lasted 00:24:15 (5268 turns).

mcbry74 the Spear-Bearer (Merfolk Gladiator)        Turns: 5268, Time: 00:24:16

HP:   -2/59 (61)    AC:  6    Str: 15    XL:     8   Next: 19%
MP:   9/9           EV: 14    Int:  9    God:    Okawaru [**....]
Gold: 223           SH:  0    Dex: 15    Spells: 7/7 levels left

rFire   . . .      SeeInvis .   h - +0 glaive
rCold   . . .      Faith    .   (shield currently unavailable)
rNeg    . . .      Spirit   .   b - +0 leather armour
rPois   .          Reflect  .   c - +0 helmet
rElec   .          Harm     .   v - +0 cloak
rCorr   .          Rampage  .   (no gloves)
Will    .....                   u - +0 pair of boots
Stlth   +.........              (no amulet)
HPRegen 0.19/turn               (no ring)
MPRegen 0.11/turn               (no ring)

@: lightly drained
A: (nimble swimmer 2), mertail
a: Renounce Religion, Heroism


You were on level 6 of the Dungeon.
You worshipped Okawaru.
Okawaru was pleased with you.
You visited 1 branch of the dungeon, and saw 6 of its levels.

You collected 223 gold pieces.

Inventory:

Hand Weapons
 a - a +0 trident
 h - a +0 glaive (weapon)
Missiles
 d - 3 throwing nets
 e - 6 javelins
 n - 46 stones
 o - 8 poisoned darts (quivered)
 D - 2 boomerangs
Armour
 b - a +0 leather armour (worn)
 c - a +0 helmet (worn)
 g - a +0 chain mail
 q - a +0 ring mail
 u - a +0 pair of boots (worn)
 v - a +0 cloak (worn)
Wands
 G - a wand of flame (7)
Scrolls
 f - 7 scrolls of identify
 i - a scroll of noise {unknown}
 j - a scroll of teleportation {unknown}
 m - a scroll of butterflies {unknown}
 p - 2 scrolls of blinking {unknown}
 s - 2 scrolls of poison {unknown}
 t - 2 scrolls of vulnerability {unknown}
 y - a scroll of enchant armour {unknown}
 A - a scroll of amnesia {unknown}
 E - a scroll of enchant weapon {unknown}
 F - a scroll of immolation {unknown}
Potions
 k - a potion of degeneration {unknown}
 l - a potion of curing {unknown}
 r - a potion of haste {unknown}
 w - 3 potions of flight
 x - a potion of resistance {unknown}
 z - a potion of magic {unknown}
 B - a potion of berserk rage {unknown}
 C - a potion of attraction {unknown}


   Skills:
 + Level 4.8 Fighting
 * Level 8.4 Polearms
 + Level 4.3 Throwing
 + Level 6.5 Dodging
 + Level 2.2 Invocations


You had 7 spell levels left.
You didn't know any spells.
Your spell library contained the following spells:

 Spells                   Type           Power      Damage    Failure   Level
 Sandblast                Erth           0%         2d4       45%         1
 Blink                    Tloc           0%         N/A       58%         2
 Passwall                 Tmut/Erth      0%         N/A       58%         2
 Gell's Gravitas          Tloc           0%         N/A       83%         3
 Lesser Beckoning         Tloc           0%         N/A       83%         3
 Stone Arrow              Conj/Erth      0%         3d7       83%         3
 Teleport Other           Tloc           0%         N/A       83%         3
 Manifold Assault         Tloc           0%         N/A       100%        5


Dungeon Overview and Level Annotations

Branches:
Dungeon (6/15)
 Temple: D:4-7

Altars:
Elyvilon
Fedhas
Kikubaaqudgha
Okawaru
Sif Muna
Uskayaw
Vehumet

Shops:
D:2 [!


Innate Abilities, Weirdness & Mutations

((You are very nimble when in or above water. (Stealth+, EV+, Speed+++)))
Your lower body shifts to a powerful aquatic tail in water.


Message History

You feel like a meek peon again.
There is a stone staircase leading down here.
The orc warrior barely misses you.
You climb downwards.
The white imp shouts!
There is a stone staircase leading up here.
As you read the scroll labelled HIOMY LAIS, it crumbles to dust.
It is a scroll of identify.
w - 3 potions of flight A wight comes into view.
It is wielding a +0 mace.
A wight comes into view. It is wielding a +2 dagger.
You are too injured to fight recklessly!
You are too injured to fight recklessly!
Reach: h) +0 glaive
Press: ? - help, Dir - move target, f - white imp
Aim: a white imp (about 41% to evade your +0 glaive)
You reach to attack!
You barely miss the white imp. You hit the white imp but do no damage.
The white imp hits you but does no damage.
You slash the white imp!
The white imp is almost dead.
The white imp gestures at you. The puff of frost hits you.
* * * LOW HITPOINT WARNING * * *
You hit the white imp.
You kill the white imp!
Okawaru accepts your kill. The wight hits you with a +0 mace.
* * * LOW HITPOINT WARNING * * *
You feel drained.
* * * LOW HITPOINT WARNING * * *
The wight attacks as you move away! The wight completely misses you.
Found a radiant altar of Vehumet.
The wight attacks as you move away! The wight hits you with a +0 mace.
* * * LOW HITPOINT WARNING * * *
Found 3 stones and 19 gold pieces.
The wight attacks as you move away! The wight barely misses you.
The wight attacks as you move away! The wight misses you.
The wight attacks as you move away! The wight hits you with a +0 mace!
You die...

#..###### ###.......#
#.........# .#
#...PPPP..# ..#
##.#....P..# ...#
..$..._.P..##...#
########....P.......#
.......#(.z.z.......#
#.@z####..##...#
#.#######....#
#......<#.####
#.........#
#.######### .. #. #.


You could see 3 wights.

Vanquished Creatures
  A black bear (D:4)
  5 necrophages
  A scorpion (D:5)
  2 orc priests
  2 hounds
  A jelly (D:4)
  2 iguanas
  4 orc wizards
  A hound zombie (D:4)
  3 gnolls
  5 adders
  A white imp (D:6)
  An adder zombie (D:4)
  4 worms
  3 dart slugs (D:2)
  27 orcs
  9 ball pythons
  9 bats
  5 endoplasms
  2 giant cockroaches
  8 goblins
  2 hobgoblins (D:1)
  A jackal (D:1)
  3 quokkas
  2 frilled lizards (D:3)
  4 kobolds
  14 rats
122 creatures vanquished.

Vanquished Creatures (others)
  A bush (D:4)
  11 plants
12 creatures vanquished.

Grand Total: 134 creatures vanquished

Notes
Turn   | Place    | Note
-------+----------+-------------------------------------------
     0 | D:1      | mcbry74 the Merfolk Gladiator began the quest for the Orb.
     0 | D:1      | Reached XP level 1. HP: 16/16 MP: 1/1
   254 | D:1      | Reached XP level 2. HP: 23/23 MP: 2/2
   425 | D:1      | Found a faded altar of an unknown god.
   561 | D:1      | Reached XP level 3. HP: 27/28 MP: 3/3
   894 | D:2      | Found an iron altar of Okawaru.
   956 | D:2      | Reached skill level 5 in Polearms
   987 | D:2      | Became a worshipper of Warmaster Okawaru
  1004 | D:2      | Found Heryff's Distillery.
  1007 | D:2      | Reached XP level 4. HP: 34/34 MP: 4/4
  1678 | D:2      | Found Renlimpuf's Antique Armour Boutique.
  2234 | D:2      | Reached XP level 5. HP: 41/41 MP: 5/5
  2707 | D:3      | Reached skill level 5 in Dodging
  2769 | D:2      | Reached skill level 6 in Polearms
  3485 | D:4      | Reached XP level 6. HP: 47/47 MP: 6/6
  3525 | D:4      | Found a shimmering blue altar of Sif Muna.
  3740 | D:4      | Found an ancient bone altar of Kikubaaqudgha.
  3761 | D:4      | Noticed a black bear
  3781 | D:4      | Killed a black bear
  3781 | D:4      | Reached * piety under Okawaru
  3905 | D:4      | Found a hide-covered altar of Uskayaw.
  4107 | D:4      | Reached skill level 7 in Polearms
  4257 | D:4      | Found a blossoming altar of Fedhas.
  4420 | D:4      | Reached XP level 7. HP: 48/54 MP: 7/7
  4429 | D:4      | Reached skill level 1 in Invocations
  4626 | D:5      | Entered Level 5 of the Dungeon
  4725 | D:5      | Found a white marble altar of Elyvilon.
  4755 | D:5      | Reached skill level 8 in Polearms
  4815 | D:5      | Reached ** piety under Okawaru
  4816 | D:5      | Reached XP level 8. HP: 58/61 MP: 9/9
  4936 | D:5      | Found a runed translucent door.
  5259 | D:6      | Found a radiant altar of Vehumet.
  5268 | D:6      | Slain by a wight

Illustrated notes

Levels and vault maps discovered:
D:1:      amcnicky_arrival_abandoned_market, layout_loops_ring,
          hellmonk_ecumenical_altar_crossroads, minmay_crystal_room,
          minmay_split_cup_small
D:2:      kb_forest_paths, layout_basic, serial_shops, nicolae_shop_statue_plus,
          shop, kennysheep_small_spiral, serial_park_tiny_pond,
          minmay_hexomino_r4
D:3:      layout_rooms, chequers_serial_rivers_small_3, grunt_decor_arrowhead
D:4:      layout_cave_pools, lemuel_crystal_altar, fedhas_altar_decomposition,
          nicolae_kikubaaqudgha_miasma_corner, overflow_temple_1_default,
          serial_column_ruins, column_ruins_open_small, column_ruins_grid_4,
          column_ruins_corridor_dead_end, column_ruins_open_tiny,
          column_ruins_columns_corner
D:5:      layout_basic, mainiacjoe_overflow_boulevard, lightli_church_of_beogh,
          uniq_ijyb, uniq_duvessa
D:6:      layout_basic, mainiacjoe_overflow_chevrons,
          mainiacjoe_overflow_catwalk, mainiacjoe_overflow_divided_tiny,
          minmay_temple_entry_large_hall

Skill      XL: |  1  2  3  4  5  6  7 |
---------------+----------------------+-----
Polearms       | 5 6 7 8 |  8.4
Fighting       | 3 4 |  4.8
Dodging        | 5 6 |  6.5
Throwing       | 3 4 |  4.3
Invocations    | 2 |  2.2

Action                   |  1- 3 |  4- 6 |  7- 9 || total
-------------------------+-------+-------+-------++-------
Melee: Trident           |   104 |   280 |    40 ||   424
       Punch             |     1 |     4 |       ||     5
       Glaive            |       |       |    91 ||    91
Throw: Stone             |     4 |    10 |       ||    14
       Dart              |       |    19 |    10 ||    29
       Throwing net      |       |     1 |       ||     1
Invok: Heroism           |       |       |     1 ||     1
  Use: Scroll            |       |       |     1 ||     1
 Stab: Sleeping          |     2 |       |       ||     2
       Distracted        |       |       |     1 ||     1
Armor: Leather armour    |    18 |    35 |    22 ||    75
Dodge: Dodged            |    52 |    93 |    90 ||   235
